 Dungeon Sprint DCSS version 0.27.1-1-g398f81649c (webtiles) character file.

Game seed: 11396118971158848847

9300000 ugugthedestroyer the Axe Maniac (level 27, -118/323 HPs)
             Began as a Demonspawn Gladiator on Sept 7, 2021.
             Was the Champion of Makhleb.
             Annihilated by a destroyer (180 damage)
             ... in the Dungeon (Sprint VIII: "Arena of Blood").
             The game lasted 00:04:57 (93 turns).

ugugthedestroyer the Axe Maniac (DsGl)                Turns: 93, Time: 00:04:57

Health: -118/323   AC:  8    Str: 24    XL:     27
Magic:  54/54      EV: 40    Int: 11    God:    Makhleb [******]
Gold:   0          SH:  0    Dex: 23    Spells: 80/80 levels left

rFire    . . .     SeeInvis .   k - +∞ Axe of Woe
rCold    . . .     Faith    .   (shield currently unavailable)
rNeg     . . .     Spirit   .   b - +0 leather armour
rPois    .         Reflect  .   c - +0 helmet
rElec    .         Harm     .   (no cloak)
rCorr    .         Rampage  .   (no gloves)
Will     ++...     NoTele   +   (boots unavailable) Stlth ***+++++++
                                (no amulet)
HPRegen  12.63/turn             (no ring)
MPRegen  0.34/turn              (no ring)

@: mighty, agile, slowed, very slow
A: talons 3, thin skeletal structure 3, powered by death 3, powered by pain 3,
robust 3
a: Renounce Religion, Minor Destruction, Lesser Servant of Makhleb, Major
Destruction, Greater Servant of Makhleb


You were in the Dungeon.
You worshipped Makhleb.
Makhleb was exalted by your worship.
You visited 1 branch

Inventory:

Hand Weapons
 a - a +0 war axe
 k - the +∞ Axe of Woe (weapon)
   (You found it in the Dungeon)
Missiles
 d - 3 throwing nets (quivered)
Armour
 b - a +0 leather armour (worn)
 c - a +0 helmet (worn)
Scrolls
 j - a scroll of blinking
Potions
 e - a potion of curing
 f - a potion of heal wounds
 g - a potion of haste
 h - 2 potions of magic
 i - a potion of berserk rage


   Skills:
 O Level 27 Fighting
 O Level 27 Short Blades
 O Level 27 Long Blades
 O Level 27 Axes
 O Level 27 Maces & Flails
 O Level 27 Polearms
 O Level 27 Staves
 O Level 27 Slings
 O Level 27 Bows
 O Level 27 Crossbows
 O Level 27 Throwing
 O Level 27 Armour
 O Level 27 Dodging
 O Level 27 Stealth
 O Level 27 Shields
 O Level 27 Unarmed Combat
 O Level 27 Spellcasting
 O Level 27 Conjurations
 O Level 27 Hexes
 O Level 27 Summonings
 O Level 27 Necromancy
 O Level 27 Translocations
 O Level 27 Transmutations
 O Level 27 Fire Magic
 O Level 27 Ice Magic
 O Level 27 Air Magic
 O Level 27 Earth Magic
 O Level 27 Poison Magic
 O Level 27 Invocations
 O Level 27 Evocations


You had 80 spell levels left.
You didn't know any spells.
Your spell library was empty.

Dungeon Overview and Level Annotations

Branches:
Dungeon (1/1)

Altars:
Makhleb


Innate Abilities, Weirdness & Mutations

You have claws for feet.
You have an unnaturally thin skeletal structure. (Dex +6, Stealth+++)
You regenerate a lot of health from kills.
You are powered by pain.
You are extremely robust. (+30% HP)


Message History

The tentacled monstrosity disappears in a puff of smoke!
The large abomination disappears in a puff of smoke!
You hit the accursed but do no damage.
You slaughter the accursed joyfully.
You destroy the accursed!
Makhleb accepts your kill.
You feel extremely nervous for a moment...
You feel horribly lethargic.
You feel yourself slow down.
You hear a shout! x3
A meat beast comes into view.
You hear a shout!
The tyrant waves its bony arms in wide circles.
The air twists around and strikes you!!!
A bolt of negative energy appears from out of thin air!
The bolt of negative energy hits you!!!!
You feel drained.
You focus on the pain.
You feel more agile all of a sudden.
You hear a shout!
The meat berserker rages.
The destroyer blinks!
The meat beast barks!
Your life force feels restored.
Unknown command.
You slash the bag of meat! You chop the bag of meat into pieces.
You kill the bag of meat!
Makhleb accepts your kill.
You feel better.
You hear a shout! x3
A large bag of meat comes into view. It is wielding a +9 giant spiked club.
You hear a shout!
You feel something staring at you. Something smites you!
You hear a shout! x2
The dread calls on the powers of darkness!
The bag of meat convulses!
The meat berserker convulses!
Your body is wracked with pain!
* * * LOW HITPOINT WARNING * * *
Something is bathed in an unholy light!
The bag of meat convulses!
You hear a shout!
The destroyer hits you with a +9 vorpal great sword!!!!!
Ouch! That really hurt!
You die...

.....°. .........
.#....... #.......#
....#.... #.......#
.#......###.... ..###..
...........W.###)......
....W#..))))))_))......
...#..zo)))#°°)§☼#.....
#..o..)))z)#§§§○_# ...
..#.V)@)O.#...O.# .
...OL#)V§...2._.....
O....o.......###......
.....§..###.... ..###.
......... #.......#
..o...... #..2....#
.#....... .........
.#.#.....


You could see 2 meat beasts, a tyrant (fast), 2 destroyers, 2 sculptors of
flesh, a large bag of meat (wandering, inner flame), 2 dreads, 2 meat berserkers
and 4 bags of meat.

Vanquished Creatures
  7 hell beasts (D)
  3 royal mummies (D)
  A wraith (D)
  12 vampire knights (D)
  37 ogres (D)
  6 two-headed ogres (D)
  4 liches (D)
  2 hydras (D)
  60 orcs (D)
  3 phantoms (D)
  9 skeletal warriors (D)
144 creatures vanquished.

Vanquished Creatures (others)
  A two-headed ogre (D)
  An orc (D)
2 creatures vanquished.

Grand Total: 146 creatures vanquished

Notes
Turn   | Place    | Note
-------+----------+-------------------------------------------
     0 | D        | Found the +∞ Axe of Woe
     0 | D        | ugugthedestroyer the Demonspawn Gladiator began the quest
                  | for the Orb.
     0 | D        | Reached XP level 1. HP: 16/16 MP: 1/1
     2 | D        | Noticed a bag of meat
     3 | D        | Noticed a bag of meat
     4 | D        | Noticed a meat berserker
     4 | D        | Noticed a meat berserker
     6 | D        | Killed a meat berserker
     6 | D        | Noticed a meat berserker
     6 | D        | Noticed a bag of meat
     7 | D        | Reached skill level 10 in Throwing
     7 | D        | Gained mutation: You have a somewhat thin skeletal
                  | structure. (Dex +2, Stealth+) [demonic ancestry]
     7 | D        | Reached XP level 2. HP: 39/39 MP: 2/2
     7 | D        | Reached XP level 3. HP: 45/45 MP: 3/3
     7 | D        | Gained mutation: You have sharp toenails. [demonic
                  | ancestry]
     7 | D        | Reached XP level 4. HP: 52/52 MP: 4/4
     7 | D        | Reached XP level 5. HP: 58/58 MP: 5/5
     7 | D        | Gained mutation: You regenerate a little health from kills.
                  | [demonic ancestry]
     7 | D        | Reached XP level 6. HP: 65/65 MP: 6/6
     7 | D        | Gained mutation: You have razor-sharp toenails. [demonic
                  | ancestry]
     7 | D        | Reached XP level 7. HP: 71/71 MP: 7/7
     7 | D        | Gained mutation: You sometimes gain a little power by
                  | taking damage. [demonic ancestry]
     7 | D        | Reached XP level 8. HP: 77/77 MP: 8/8
     7 | D        | Gained mutation: You sometimes gain power by taking damage.
                  | [demonic ancestry]
     7 | D        | Reached XP level 9. HP: 83/83 MP: 9/9
     7 | D        | Gained mutation: You are powered by pain. [demonic
                  | ancestry]
     7 | D        | Reached XP level 10. HP: 90/90 MP: 10/10
     7 | D        | Reached XP level 11. HP: 96/96 MP: 11/11
     7 | D        | Gained mutation: You regenerate health from kills. [demonic
                  | ancestry]
     7 | D        | Reached XP level 12. HP: 103/103 MP: 12/12
     7 | D        | Gained mutation: You have a moderately thin skeletal
                  | structure. (Dex +4, Stealth++) [demonic ancestry]
     7 | D        | Reached XP level 13. HP: 109/109 MP: 13/13
     7 | D        | Killed a meat berserker
     8 | D        | Gained mutation: You have an unnaturally thin skeletal
                  | structure. (Dex +6, Stealth+++) [demonic ancestry]
     8 | D        | Reached XP level 14. HP: 121/121 MP: 14/14
     8 | D        | Killed a meat berserker
     9 | D        | Reached skill level 15 in Fighting
     9 | D        | Reached XP level 15. HP: 130/130 MP: 15/15
    11 | D        | Noticed a meat berserker
    12 | D        | Noticed a meat berserker
    14 | D        | Became a worshipper of Makhleb the Destroyer
    15 | D        | Noticed a meat berserker
    15 | D        | Noticed a meat berserker
    16 | D        | Reached skill level 15 in Throwing
    16 | D        | Reached XP level 16. HP: 143/143 MP: 16/16
    17 | D        | Reached * piety under Makhleb
    18 | D        | Reached skill level 27 in Axes
    18 | D        | Killed a meat berserker
    18 | D        | Noticed a meat berserker
    19 | D        | Reached skill level 27 in Dodging
    19 | D        | Reached XP level 17. HP: 162/162 MP: 17/17
    19 | D        | Killed a meat berserker
    19 | D        | Reached ** piety under Makhleb
    19 | D        | Killed a meat berserker
    20 | D        | Reached skill level 27 in Fighting
    20 | D        | Reached XP level 18. HP: 182/182 MP: 18/18
    20 | D        | Noticed a meat berserker
    20 | D        | Noticed a meat berserker
    20 | D        | Noticed a meat berserker
    21 | D        | Reached skill level 27 in Throwing
    21 | D        | Killed a meat berserker
    21 | D        | Reached *** piety under Makhleb
    22 | D        | Reached XP level 19. HP: 189/189 MP: 19/19
    22 | D        | Killed a meat berserker
    23 | D        | Reached skill level 27 in Stealth
    23 | D        | Reached **** piety under Makhleb
    23 | D        | Noticed a meat berserker
    24 | D        | Reached skill level 5 in Necromancy
    24 | D        | Killed a meat berserker
    24 | D        | Reached ***** piety under Makhleb
    25 | D        | Gained mutation: You are robust. (+10% HP) [demonic
                  | ancestry]
    25 | D        | Reached XP level 20. HP: 189/216 MP: 19/30
    25 | D        | Noticed a meat berserker
    26 | D        | Reached skill level 10 in Invocations
    26 | D        | Killed a meat berserker
    26 | D        | Noticed a large bag of meat
    27 | D        | Reached skill level 10 in Conjurations
    27 | D        | Reached skill level 10 in Hexes
    27 | D        | Reached skill level 10 in Summonings
    27 | D        | Reached skill level 10 in Poison Magic
    27 | D        | Reached skill level 10 in Evocations
    27 | D        | Reached XP level 21. HP: 224/224 MP: 19/34
    27 | D        | Noticed a destroyer
    27 | D        | Noticed a destroyer
    28 | D        | Noticed a large bag of meat
    29 | D        | Reached skill level 10 in Short Blades
    29 | D        | Reached skill level 10 in Long Blades
    29 | D        | Reached skill level 10 in Maces & Flails
    29 | D        | Reached skill level 10 in Polearms
    29 | D        | Reached skill level 10 in Staves
    29 | D        | Reached skill level 10 in Slings
    29 | D        | Reached skill level 10 in Bows
    29 | D        | Reached skill level 10 in Crossbows
    29 | D        | Reached skill level 10 in Armour
    29 | D        | Reached skill level 10 in Shields
    29 | D        | Reached skill level 10 in Unarmed Combat
    29 | D        | Reached skill level 10 in Spellcasting
    29 | D        | Reached skill level 10 in Translocations
    29 | D        | Reached skill level 10 in Transmutations
    29 | D        | Reached skill level 10 in Fire Magic
    29 | D        | Reached skill level 10 in Ice Magic
    29 | D        | Reached skill level 10 in Air Magic
    29 | D        | Reached skill level 10 in Earth Magic
    29 | D        | Noticed a destroyer
    30 | D        | Reached skill level 15 in Invocations
    30 | D        | Gained mutation: You regenerate a lot of health from kills.
                  | [demonic ancestry]
    30 | D        | Reached XP level 22. HP: 233/233 MP: 20/37
    30 | D        | Reached ****** piety under Makhleb
    31 | D        | Noticed a large bag of meat
    32 | D        | Killed a large bag of meat
    33 | D        | Killed a destroyer
    34 | D        | Reached skill level 15 in Necromancy
    34 | D        | Gained mutation: You have claws for feet. [demonic
                  | ancestry]
    34 | D        | Reached XP level 23. HP: 236/240 MP: 35/40
    35 | D        | Reached skill level 15 in Conjurations
    35 | D        | Reached skill level 15 in Hexes
    35 | D        | Reached skill level 15 in Summonings
    35 | D        | Reached skill level 15 in Poison Magic
    35 | D        | Reached skill level 15 in Evocations
    35 | D        | Killed a destroyer
    36 | D        | Reached skill level 15 in Short Blades
    36 | D        | Reached skill level 15 in Long Blades
    36 | D        | Reached skill level 15 in Maces & Flails
    36 | D        | Reached skill level 15 in Polearms
    36 | D        | Reached skill level 15 in Staves
    36 | D        | Reached skill level 15 in Slings
    36 | D        | Reached skill level 15 in Bows
    36 | D        | Reached skill level 15 in Crossbows
    36 | D        | Reached skill level 15 in Armour
    36 | D        | Reached skill level 15 in Shields
    36 | D        | Reached skill level 15 in Unarmed Combat
    36 | D        | Reached skill level 15 in Spellcasting
    36 | D        | Reached skill level 15 in Translocations
    36 | D        | Reached skill level 15 in Transmutations
    36 | D        | Reached skill level 15 in Fire Magic
    36 | D        | Reached skill level 15 in Ice Magic
    36 | D        | Reached skill level 15 in Air Magic
    36 | D        | Reached skill level 15 in Earth Magic
    36 | D        | Reached XP level 24. HP: 138/249 MP: 36/42
    36 | D        | Killed a destroyer
    37 | D        | Gained mutation: You are very robust. (+20% HP) [demonic
                  | ancestry]
    37 | D        | Reached XP level 25. HP: 228/280 MP: 36/43
    37 | D        | Noticed a destroyer
    37 | D        | Noticed a destroyer
    39 | D        | Killed a large bag of meat
    39 | D        | Noticed a large bag of meat
    41 | D        | Killed a large bag of meat
    41 | D        | Noticed a destroyer
    42 | D        | Noticed a destroyer
    42 | D        | Noticed a destroyer
    45 | D        | Killed a destroyer
    45 | D        | Killed a destroyer
    46 | D        | Gained mutation: You are extremely robust. (+30% HP)
                  | [demonic ancestry]
    46 | D        | Reached XP level 26. HP: 238/314 MP: 44/45
    46 | D        | Killed a destroyer
    48 | D        | Killed a large bag of meat
    49 | D        | Reached XP level 27. HP: 269/323 MP: 46/46
    50 | D        | Killed a destroyer
    51 | D        | Noticed a destroyer
    51 | D        | Noticed a large bag of meat
    51 | D        | Noticed a large bag of meat
    52 | D        | Killed a destroyer
    53 | D        | Reached skill level 27 in Invocations
    53 | D        | Killed a destroyer
    59 | D        | Noticed an accursed
    59 | D        | Noticed a tyrant
    60 | D        | Killed a large bag of meat
    60 | D        | Noticed a destroyer
    60 | D        | Noticed a tyrant
    61 | D        | Noticed a meat beast
    63 | D        | Noticed a dread
    64 | D        | Noticed a tyrant
    65 | D        | Killed a meat beast
    65 | D        | Killed an accursed
    66 | D        | Reached skill level 27 in Necromancy
    66 | D        | Noticed a meat beast
    66 | D        | Noticed an accursed
    67 | D        | Killed a large bag of meat
    68 | D        | Killed a tyrant
    68 | D        | Noticed a large bag of meat
    68 | D        | Noticed a destroyer
    69 | D        | Reached skill level 27 in Conjurations
    69 | D        | Reached skill level 27 in Poison Magic
    69 | D        | Reached skill level 27 in Evocations
    69 | D        | Noticed a meat beast
    69 | D        | Killed a destroyer
    69 | D        | Killed a meat beast
    69 | D        | Noticed an accursed
    69 | D        | Killed a large bag of meat
    70 | D        | Reached skill level 27 in Hexes
    70 | D        | Reached skill level 27 in Summonings
    70 | D        | Killed a tyrant
    71 | D        | Noticed a destroyer
    73 | D        | Killed a meat beast
    73 | D        | Killed a destroyer
    73 | D        | Noticed a meat beast
    73 | D        | Noticed a tyrant
    74 | D        | Reached skill level 27 in Short Blades
    74 | D        | Reached skill level 27 in Long Blades
    74 | D        | Reached skill level 27 in Maces & Flails
    74 | D        | Reached skill level 27 in Polearms
    74 | D        | Reached skill level 27 in Staves
    74 | D        | Reached skill level 27 in Slings
    74 | D        | Reached skill level 27 in Bows
    74 | D        | Reached skill level 27 in Crossbows
    74 | D        | Reached skill level 27 in Armour
    74 | D        | Reached skill level 27 in Shields
    74 | D        | Reached skill level 27 in Unarmed Combat
    74 | D        | Reached skill level 27 in Spellcasting
    74 | D        | Reached skill level 27 in Translocations
    74 | D        | Reached skill level 27 in Transmutations
    74 | D        | Reached skill level 27 in Fire Magic
    74 | D        | Reached skill level 27 in Ice Magic
    74 | D        | Reached skill level 27 in Air Magic
    74 | D        | Reached skill level 27 in Earth Magic
    74 | D        | Noticed a destroyer
    76 | D        | Killed a dread
    79 | D        | Killed a meat beast
    81 | D        | Killed a destroyer
    81 | D        | Noticed a meat beast
    82 | D        | Killed an accursed
    82 | D        | Noticed a dread
    84 | D        | Killed a tyrant
    86 | D        | Noticed a meat beast
    86 | D        | Noticed a meat beast
    87 | D        | Noticed a destroyer
    87 | D        | Noticed a meat beast
    87 | D        | Noticed a meat beast
    88 | D        | Noticed a tyrant
    88 | D        | Noticed a dread
    89 | D        | Killed a meat beast
    91 | D        | Killed a meat beast
    92 | D        | Killed a meat beast
    92 | D        | Killed a tyrant
    92 | D        | Killed an accursed
    92 | D        | Noticed a meat beast
    93 | D        | Noticed a large bag of meat
    93 | D        | Annihilated by a destroyer

Illustrated notes

Levels and vault maps discovered:
D:        meatsprint

Skill      XL: |  1  2  3  4  5  6  7  8  9 10 11 12 13 14 15 16 17 18 19 20 21 22 23 24 25 26 27 |
---------------+----------------------------------------------------------------------------------+-----
Fighting       | 12 14 15 17 22 27 | 27.0
Axes           | 19 21 23 26 27 | 27.0
Throwing       | 10 12 13 15 18 26 27 | 27.0
Dodging        | 18 21 23 25 27 | 27.0
Stealth        | 4 9 22 27 | 27.0
Short Blades   | 6 9 11 13 15 16 18 19 27 | 27.0
Long Blades    | 6 9 11 13 15 16 18 19 27 | 27.0
Maces & Flails | 6 9 11 13 15 16 18 19 27 | 27.0
Polearms       | 6 9 11 13 15 16 18 19 27 | 27.0
Staves         | 6 9 11 13 15 16 18 19 27 | 27.0
Slings         | 6 9 11 13 15 16 18 19 27 | 27.0
Bows           | 6 9 11 13 15 16 18 19 27 | 27.0
Crossbows      | 6 9 11 13 15 16 18 19 27 | 27.0
Armour         | 6 9 11 13 15 16 18 19 27 | 27.0
Shields        | 7 9 11 13 15 16 18 19 27 | 27.0
Unarmed Combat | 6 9 11 13 15 16 18 19 27 | 27.0
Spellcasting   | 6 9 11 13 15 16 18 19 27 | 27.0
Conjurations   | 7 10 12 14 16 17 19 20 27 | 27.0
Hexes          | 7 10 12 14 16 17 19 20 27 | 27.0
Summonings     | 7 10 12 14 16 17 19 20 27 | 27.0
Necromancy     | 8 11 12 15 17 18 21 22 27 | 27.0
Translocations | 6 9 11 13 15 16 18 19 27 | 27.0
Transmutations | 7 9 11 13 15 16 18 19 27 | 27.0
Fire Magic     | 6 9 11 13 15 16 18 19 27 | 27.0
Ice Magic      | 6 9 11 13 15 16 18 19 27 | 27.0
Air Magic      | 6 9 11 13 15 16 18 19 27 | 27.0
Earth Magic    | 6 9 11 13 15 16 18 19 27 | 27.0
Poison Magic   | 7 10 12 14 16 17 19 20 27 | 27.0
Invocations    | 9 12 15 18 20 21 24 25 27 | 27.0
Evocations     | 7 10 12 14 16 17 19 20 27 | 27.0

Action                   |  1- 3 |  4- 6 |  7- 9 | 10-12 | 13-15 | 16-18 | 19-21 | 22-24 | 25-27 || total
-------------------------+-------+-------+-------+-------+-------+-------+-------+-------+-------++-------
Melee: Executioner's axe |     1 |       |       |       |     5 |     5 |     7 |     6 |    46 ||    70
Invok: Greater Servant o |       |       |       |       |       |       |       |       |     2 ||     2
Armor: Leather armour    |       |       |       |       |       |       |       |       |     1 ||     1
Dodge: Dodged            |       |       |       |       |       |       |       |       |     8 ||     8
